Map: Abyssal Reef LE

Players

Scarlett - Winner!

  • Race: Zerg Zerg
  • League: Master
  • Spawn Location: 5:00

Neeb

  • Race: Protoss Protoss
  • League: Master
  • Spawn Location: 11:00

VOD

Have the link to the VOD?

Description

Time

  • Played on: Dec. 24, 2017, 9:34 p.m.
  • Length: 10:32
Show
View Real Time Build Order
Export as new Build Order

Scarlett Zerg - Winner!

Build Orders: Hatch First, Lurkers 

Get SALT Encoding   

  12  0:01  Drone  
  13  0:13  Overlord  
  13  0:17  Drone  
  14  0:31  Drone x2  
  14  0:35  Drone  
  17  0:54  Hatchery  
  17  0:57  Drone  
  17  0:59  Drone  
  17  1:02  Extractor  
  17  1:15  Spawning Pool  
  17  1:17  Drone  
  17  1:21  Drone  
  18  1:29  Drone  
  19  1:40  Drone  
  20  1:51  Overlord  
  20  2:02  Queen  
  20  2:03  Metabolic Boost  
  20  2:06  Zergling x2  
  20  2:07  Queen  
  25  2:11  Zergling x2  
  25  2:13  Drone  
  27  2:20  Drone  
  28  2:24  Drone  
  29  2:32  Drone  
  29  2:33  Drone  
  31  2:39  Hatchery  
  30  2:44  Zergling x2  
  30  2:49  Queen  
  33  2:54  Zergling x2  
  33  2:56  Overlord  
  34  3:05  Drone x2  
  36  3:14  Queen  
  36  3:18  Drone x4  
  42  3:29  Spore Crawler  
  40  3:39  Drone x4  
  43  3:47  Overlord  
  43  3:53  Drone x3  
  43  3:54  Spore Crawler  
  45  3:56  Queen  
  45  4:01  Drone  
  45  4:02  Baneling Nest  
  47  4:07  Drone x5  
  52  4:17  Overlord  
  52  4:18  Drone x2  
  52  4:19  Drone  
  54  4:26  Drone  
  54  4:27  Drone  
  54  4:29  Overlord x2  
  56  4:34  Drone  
  56  4:37  Extractor  
  56  4:39  Extractor, Zergling x4  
  56  4:40  Drone x3  
  56  4:43  Drone  
  56  4:44  Drone x2  
  63  4:49  Zergling x4  
  63  4:52  Drone x2, Lair  
  67  4:57  Evolution Chamber  
  67  4:58  Zergling x4  
  67  4:59  Baneling  
  67  5:00  Baneling x3  
  67  5:01  Zergling x2  
  67  5:02  Zergling x4  
  67  5:05  Drone  
  71  5:08  Drone x2  
  71  5:09  Drone x2  
  71  5:12  Drone x3  
  78  5:18  Drone  
  78  5:19  Drone  
  80  5:21  Drone  
  80  5:22  Overlord  
  80  5:23  Extractor x2  
  80  5:24  Baneling x3  
  79  5:31  Drone  
  79  5:32  Drone  
  79  5:34  Zerg Missile Weapons Level 1, Overlord x2  
  81  5:35  Extractor  
  81  5:41  Drone  
  81  5:43  Queen  
  81  5:46  Drone x5  
  81  5:47  Drone  
  85  5:52  Hydralisk Den  
  85  5:53  Drone x2  
  85  5:56  Drone x2  
  85  5:57  Drone x2  
  90  6:02  Overlord  
  90  6:06  Drone x2  
  90  6:07  Drone  
  90  6:08  Drone x2  
  95  6:16  Hatchery  
  95  6:17  Overlord x2  
  94  6:21  Hydralisk x2  
  94  6:22  Hydralisk  
  100  6:29  Zergling x10  
  100  6:30  Zergling x2  
  100  6:31  Baneling  
  100  6:32  Baneling x3  
  106  6:34  Hydralisk  
  108  6:41  Hydralisk  
  108  6:42  Hydralisk x3  
  116  6:48  Lurker Den  
  116  6:49  Muscular Augments  
  115  6:55  Hydralisk  
  115  6:56  Zergling x8  
  110  7:02  Hydralisk  
  110  7:05  Drone  
  104  7:15  Hydralisk x8  
  103  7:16  Hydralisk  
  118  7:26  Drone x4  
  120  7:32  Zerg Missile Weapons Level 2  
  120  7:34  Overlord x3  
  120  7:39  Hydralisk x3  
  120  7:43  Overlord  
  125  7:58  Overlord, Hydralisk  
  125  7:59  Hydralisk x5  
  125  8:01  Drone x3  
  125  8:03  Drone  
  141  8:13  Spore Crawler  
  141  8:14  Drone x2  
  141  8:17  Overseer  
  142  8:24  Hydralisk x2  
  142  8:25  Hydralisk x6  
  159  8:34  Lurker x4  
  159  8:36  Extractor, Drone  
  159  8:37  Drone x4  
  159  8:38  Drone  
  159  8:39  Extractor  
  166  8:45  Overseer  
  166  8:49  Lurker  
  166  8:50  Lurker  
  166  8:51  Zergling x2  
  166  8:52  Zergling x12  
  175  8:57  Overlord x3  
  175  9:03  Centrifical Hooks  
  171  9:23  Hydralisk x3  
  171  9:24  Zergling x12  
  156  9:38  Hydralisk x14  
Show
View Real Time Build Order
Export as new Build Order

Neeb Protoss 

Build Orders: 1 Gate Expand, Oracle Opening, Phoenix Opening 

Get SALT Encoding   

  12  0:00  Probe  
  13  0:12  Probe  
  14  0:17  Pylon  
  14  0:25  Probe (Chrono Boost)  
  15  0:37  Probe (Chrono Boost)  
  15  0:42  Gateway  
  16  0:44  Probe (Chrono Boost)  
  16  0:49  Assimilator  
  17  0:52  Probe  
  18  1:04  Probe  
  19  1:16  Probe  
  20  1:26  Nexus  
  20  1:36  Cybernetics Core  
  20  1:39  Probe  
  21  1:44  Assimilator  
  21  1:51  Probe  
  22  1:54  Pylon  
  22  2:03  Probe  
  23  2:10  Adept (Chrono Boost)  
  25  2:15  Probe (Chrono Boost)  
  26  2:24  Stargate  
  26  2:27  Probe (Chrono Boost)  
  26  2:29  Adept  
  27  2:32  Probe (Chrono Boost)  
  30  2:37  Warp Gate  
  30  2:40  Probe (Chrono Boost)  
  32  2:48  Probe (Chrono Boost)  
  32  2:49  Probe (Chrono Boost)  
  33  2:54  Probe x2  
  33  2:56  Adept  
  37  3:06  Phoenix (Chrono Boost), Probe x2  
  37  3:11  Pylon  
  41  3:18  Probe x2  
  43  3:26  Gateway  
  43  3:29  Oracle (Chrono Boost)  
  43  3:30  Probe  
  43  3:31  Probe  
  46  3:42  Probe  
  46  3:43  Probe  
  46  3:45  Gateway  
  48  3:51  Pylon  
  48  3:53  Assimilator  
  48  3:54  Adept, Probe  
  51  3:55  Probe  
  52  4:05  Pylon  
  52  4:06  Probe  
  52  4:07  Probe  
  54  4:18  Probe  
  54  4:20  Probe  
  54  4:22  Nexus  
  56  4:27  Twilight Council  
  56  4:28  Oracle (Chrono Boost)  
  56  4:31  Probe  
  60  4:38  Pylon  
  60  4:42  Adept x3  
  60  4:43  Probe  
  68  4:51  Robotics Facility  
  68  4:57  Pylon  
  69  5:01  Resonating Glaives (Chrono Boost)  
  69  5:02  Adept  
  69  5:07  Gateway  
  69  5:14  Gateway  
  69  5:17  Gateway  
  69  5:19  Gateway  
  69  5:25  Probe  
  69  5:27  Probe  
  71  5:31  Gateway  
  71  5:33  Gateway  
  71  5:35  Probe  
  72  5:38  Probe  
  72  5:39  Probe  
  74  5:47  Probe  
  74  5:48  Adept x2  
  74  5:49  Warp Prism (Chrono Boost)  
  79  5:50  Probe  
  79  5:51  Probe  
  83  5:59  Probe  
  83  6:02  Probe  
  83  6:03  Probe  
  86  6:09  Sentry x3  
  86  6:10  Adept x2  
  96  6:11  Probe  
  96  6:13  Pylon  
  96  6:14  Pylon, Probe  
  98  6:23  Probe x2  
  100  6:27  Assimilator  
  100  6:28  Probe  
  100  6:32  Assimilator  
  101  6:38  Pylon  
  101  6:40  Adept x5  
  101  6:41  Adept x2  
  101  6:42  Adept  
  117  6:50  Pylon  
  117  6:51  Pylon  
  117  6:56  Probe x3  
  100  7:05  Adept x4  
  100  7:06  Adept x4  
  100  7:08  Probe x3  
  103  7:20  Probe x2  
  101  7:27  Assimilator  
  101  7:29  Immortal (Chrono Boost), Robotics Bay  
  94  7:32  Robotics Facility  
  94  7:35  Gateway, Probe x2  
  95  7:39  Gateway  
  95  7:42  Forge  
  95  7:44  Adept x2  
  95  7:45  Adept x2  
  101  7:52  Nexus  
  101  7:55  Pylon  
  101  7:59  Immortal (Chrono Boost)  
  105  8:06  Adept x3  
  105  8:07  Extended Thermal Lance  
  109  8:24  Colossus (Chrono Boost)  
  109  8:26  Protoss Ground Weapons Level 1  
  115  8:28  Observer (Chrono Boost), Probe x3  
  115  8:32  Assimilator  
  119  8:36  Assimilator  
  119  8:38  Photon Cannon  
  119  8:40  Probe  
  120  8:44  Colossus (Chrono Boost)  
  126  8:51  Stalker x2  
  130  9:00  Photon Cannon  
  130  9:01  Shield Battery  
  130  9:03  Pylon  
  130  9:04  Colossus (Chrono Boost)  
  136  9:11  Adept x2  
  136  9:12  Adept x2  
  144  9:17  Photon Cannon  
  144  9:23  Adept x5  
  144  9:29  Adept x2  
  144  9:30  Observer (Chrono Boost)  
  132  9:33  Adept x2  
  130  9:41  Adept x2  
Tags
 
Add a new tag
Caveats
  • Supply blocks, unpowered buildings, or Contaminate may cause inaccurate times.
  • Supply counts are checked every 10 seconds.